 Dungeon Crawl Stone Soup version 0.32-a0-975-g85d4e5bfdb (webtiles) character file.

Game seed: 697323583200524371

563 ParallaxScroll the Trooper (level 7, -1/56 HPs)
             Began as a Coglin Gladiator on Apr 18, 2024.
             Was an Initiate of Ru.
             Succumbed to an orc's poison
             ... on level 4 of the Dungeon.
             The game lasted 00:16:28 (2535 turns).

ParallaxScroll the Trooper (Coglin Gladiator)       Turns: 2535, Time: 00:16:29

Health: -1/56      AC:  6    Str: 15    XL:     7   Next: 32%
Magic:  7/7        EV: 11    Int:  7    God:    Ru [......]
Gold:   189        SH:  0    Dex: 17    Spells: 6/6 levels left

rFire   . . .        a - +0 war axe {Yolanda}
rCold   . . .        g - +2 dagger (venom) {Xochipepe}
rNeg    . . .        y - +0 ring mail
rPois   .            c - +0 helmet
rElec   .            (no cloak)
rCorr   .            (no gloves)
SInv    .            (no boots)
Will    .....        (amulet unavailable)
Stlth   +            (ring unavailable)
HPRegen 0.29/turn    (ring unavailable)
MPRegen 0.10/turn    (no gizmo)

%: no passive effects
@: lethally poisoned (-1 -> -7), attractive, revved
A: off-hand wielding, slow wielding, warmup strikes, no jewellery
a: Invent Gizmo, Renounce Religion


You were on level 4 of the Dungeon.
You worshipped Ru.
Ru was noncommittal.
You visited 1 branch of the dungeon, and saw 4 of its levels.

You collected 189 gold pieces.

Inventory:

Hand Weapons
 a - a +0 war axe (weapon) {Yolanda}
 g - a +2 dagger of venom (offhand) {Xochipepe}
 m - a +1 dagger of holy wrath {Tejnoor}
 t - a +0 dagger of holy wrath {Ahumratum}
 w - a +1 dagger of freezing
 A - a +0 war axe
Missiles
 d - 3 throwing nets
 e - a javelin
 f - 33 stones (quivered)
 i - 3 boomerangs
 v - 3 datura-tipped darts
Armour
 b - a +0 leather armour
 c - a +0 helmet (worn)
 h - a +0 chain mail
 y - a +0 ring mail (worn)
Magical Staves
 r - a staff of air
 z - a staff of cold
Wands
 s - a wand of paralysis (3)
Scrolls
 j - a scroll of enchant weapon
 k - a scroll of vulnerability
 o - a scroll of fog
 q - a scroll of blinking
 x - a scroll of silence {unknown}
 B - 2 scrolls of noise {unknown}
 C - a scroll of immolation {unknown}
Potions
 l - a potion of degeneration {unknown}
 n - a potion of enlightenment {unknown}
 p - a potion of attraction
 u - a potion of might {unknown}
 D - a potion of brilliance {unknown}


   Skills:
 - Level 5.0 Fighting
 - Level 2.0 Short Blades
 + Level 4.0 Axes
 - Level 2.0 Throwing
 - Level 2.0 Armour
 - Level 3.0 Dodging
 - Level 1.0 Stealth
 - Level 4.0 Evocations


You had 6 spell levels left.
You didn't know any spells.
Your spell library was empty.

Dungeon Overview and Level Annotations

Branches:
Dungeon (4/15)
 Temple: D:4-7

Altars:
Ru
Yredelemnul

Shops:
D:2 (


Innate Abilities, Weirdness & Mutations

You can wield a second weapon in your off-hand.
It takes a long time for you to wield or remove held weapons.
Your first few attacks do less damage.
You cannot equip rings or amulets.


Message History

You feel very sick.
The orc hits you with a +1 short sword of venom.
You are more poisoned.
The iguana bites you!
You barely miss the orc with your +2 dagger of venom.
The orc is heavily wounded.
You hit the orc with your +0 war axe.
You kill the orc!
You barely miss the iguana with your +0 war axe.
You feel very sick. The iguana bites you!
You barely miss the iguana with your +2 dagger of venom.
The iguana is moderately wounded.
You hit the iguana with your +0 war axe.
You feel very sick. The iguana barely misses you.
You closely miss the iguana with your +2 dagger of venom.
The iguana is moderately wounded.
You closely miss the iguana with your +0 war axe.
You feel very sick. The iguana barely misses you.
You hit the iguana but do no damage.
The iguana is moderately wounded.
You hit the iguana with your +0 war axe.
You feel very sick. The iguana closely misses you.
Aiming: Paralyse
Press: ? - help, Shift-Dir - straight line, f - iguana
Aim: an iguana (moderately wounded, chance to affect: 67%)
The iguana struggles to resist.
You feel sick. The iguana bites you!
* * * LOW HITPOINT WARNING * * *
Aiming: Paralyse
Press: ? - help, Shift-Dir - straight line, f/p - iguana
Aim: an iguana (moderately wounded, chance to affect: 67%)
Okay, then.
Unknown command.
It was a potion of attraction.
You feel attractive to monsters.
You die...
Ru respects your ultimate sacrifice.

#.# #.##
#..#
#####..#
##...#..#
#......>#
#....l).#
#@.# #..#
#..# #..#
#...
..#..
####. #.


You could see an iguana.

Vanquished Creatures
  Grinder (D:3)
  Sigmund (D:2)
  The ghost of kurowlyz the Ruffian, a weakling DrSh of Uskayaw (D:3)
  An orc priest (D:3)
  A hound zombie (D:3)
  3 adders (D:3)
  An adder zombie (D:3)
  3 dart slugs
  2 ribbon worms
  5 orcs
  3 ball pythons
  5 bats
  7 endoplasms
  3 giant cockroaches
  8 goblins
  7 hobgoblins
  5 jackals
  3 quokkas
  2 frilled lizards (D:3)
  A jackal zombie (D:3)
  4 kobolds
  A quokka zombie (D:3)
  4 rats
72 creatures vanquished.

Notes
Turn   | Place    | Note
-------+----------+-------------------------------------------
     0 | D:1      | ParallaxScroll the Coglin Gladiator began the quest for the
                  | Orb.
     0 | D:1      | Reached XP level 1. HP: 16/16 MP: 1/1
   104 | D:1      | Reached XP level 2. HP: 22/22 MP: 2/2
   273 | D:1      | Reached skill level 3 in Fighting
   337 | D:1      | Reached XP level 3. HP: 29/29 MP: 3/3
   715 | D:2      | Noticed Sigmund
   880 | D:2      | Found Sachug's Antique Weapon Emporium.
  1294 | D:2      | Killed Sigmund
  1295 | D:2      | Reached skill level 4 in Fighting
  1295 | D:2      | Reached skill level 1 in Armour
  1295 | D:2      | Reached XP level 4. HP: 37/37 MP: 4/4
  1295 | D:2      | Reached XP level 5. HP: 42/42 MP: 5/5
  1710 | D:3      | Noticed Grinder
  1718 | D:3      | Killed Grinder
  1719 | D:3      | Reached skill level 1 in Stealth
  1719 | D:3      | Reached skill level 1 in Short Blades
  1719 | D:3      | Reached XP level 6. HP: 48/48 MP: 6/6
  1723 | D:3      | Reached XP level 7. HP: 54/54 MP: 7/7
  1726 | D:3      | Found a basalt altar of Yredelemnul.
  1908 | D:3      | Found a sacrificial altar of Ru.
  1912 | D:3      | Became a worshipper of Ru the Awakened
  2367 | D:3      | Found a large runed translucent door.
  2367 | D:3      | Found a large runed translucent door.
  2368 | D:3      | Noticed kurowlyz's ghost (weakling DrSh)
  2393 | D:3      | Killed kurowlyz's ghost
  2394 | D:3      | Reached skill level 5 in Fighting
  2534 | D:4      | HP: 1/56 [iguana (10)]
  2535 | D:4      | Succumbed to an orc's poison

Illustrated notes

Levels and vault maps discovered:
D:1:      psy_arrival_terrarium, layout_loops_ring
D:2:      layout_loops_cross, serial_aquarium, aquarium_bridge_island_small
          [aquarium_subvault_small_open, aquarium_subvault_wall,
          aquarium_subvault_wall, aquarium_subvault_bridge,
          aquarium_subvault_bridge], aquarium_window_fake, aquarium_window_2,
          aquarium_view_2e, aquarium_balcony_double_3, aquarium_pool_double,
          serial_shops, shop, uniq_sigmund
D:3:      layout_basic, nicolae_yredelemnul_corpse_copse, marbit_many_paths,
          ebering_ghost_disaster_area, chequers_jeans,
          wander_ebering_terrifying_dragon_lair, uniq_grinder
D:4:      layout_cave_pods, temple_green

Skill      XL: |  1  2  3  4  5  6  7 |
---------------+----------------------+-----
Fighting       | 3 4 5 |  5.0
Evocations     | 4 |  4.0
Armour         | 1 2 |  2.0
Throwing       | 2 |  2.0
Stealth        | 1 |  1.0
Dodging        | 3 |  3.0
Short Blades   | 2 |  2.0
Axes           | 4 |  4.0

Action                     |  1- 3 |  4- 6 |  7- 9 || total
---------------------------+-------+-------+-------++-------
  Melee: War axe           |    50 |    25 |    46 ||   121
         Dagger            |    38 |    28 |    45 ||   111
  Throw: Stone             |     1 |     3 |     5 ||     9
  Evoke: Wand              |     2 |     1 |     1 ||     4
    Use: Scroll            |       |     4 |       ||     4
         Potion            |       |       |     1 ||     1
   Stab: Paralysed         |     4 |    11 |       ||    15
         Sleeping          |     1 |       |     3 ||     4
         Distracted        |       |       |     1 ||     1
 Armour: Leather armour    |    18 |    15 |       ||    33
         Ring mail         |       |       |    24 ||    24
  Dodge: Dodged            |    21 |     8 |    20 ||    49

Table legend: (Time is in decaauts)
 A = Elapsed time spent in this place.
 B = Non-inter-level travel time spent in this place.
 C = Inter-level travel time spent in this place.
 D = Time resting spent in this place.
 E = Time spent auto-exploring this place.
 F = Levels seen in this place.
 G = Mean time per level.
                   A        B        C        D        E       F      G
               +--------+--------+--------+--------+--------+-----+--------+
         Total |   2558 |   2385 |    173 |    198 |   1628 |   4 |  639.5 |
       Dungeon |   2558 |   2385 |    173 |    198 |   1628 |   4 |  639.5 |
               +--------+--------+--------+--------+--------+-----+--------+

Top non-repeatable levels by time:
     D:3: 1098 daAuts
     D:1: 735 daAuts
     D:2: 712 daAuts
     D:4: 12 daAuts
